 Dungeon Crawl Stone Soup version 0.27.0-1-g7a089689b8 (webtiles) character file.

Game seed: 3912831860021684009

2587 H0rd4k the Destroyer (level 9, -1/31 (42) HPs)
             Began as a Vine Stalker Conjurer on Aug 3, 2021.
             Slain by Edmund (4 damage)
             ... on level 6 of the Dungeon.
             The game lasted 00:20:08 (6136 turns).

H0rd4k the Destroyer (Vine Stalker Conjurer)        Turns: 6136, Time: 00:20:09

HP:   -1/31 (42)    AC:  5    Str:  9    XL:     9   Next: 58%
MP:   0/22          EV: 13    Int: 21    God:
Gold: 475           SH:  0    Dex: 20    Spells: 20/25 levels left

rFire    . . .     SeeInvis +   d - staff of conjuration
rCold    . . .     Faith    .   (no shield)
rNeg     . . .     Spirit   +   a - +0 robe
rPois    .         Reflect  .   k - +2 helmet {SInv}
rElec    .         Harm     .   (no cloak)
rCorr    .         Rampage  .   (no gloves)
Will     +....                  (no boots)
Stlth    +++.......             b - amulet of magic regeneration
HPRegen  1.10/turn              p - +6 ring of dexterity
MPRegen  0.43/turn              (no ring)

@: very heavily drained
A: fangs 3, regeneration 1, magic shield, antimagic bite, no potion heal 2
a: no special abilities


You were on level 6 of the Dungeon.
You visited 2 branches of the dungeon, and saw 7 of its levels.
You also visited: Ossuary.

You collected 690 gold pieces.
You spent 215 gold pieces at shops.

Inventory:

Missiles
 i - 17 poisoned darts
Armour
 a - a +0 robe (worn)
 k - a +2 helmet of see invisible (worn)
Magical Staves
 d - a staff of conjuration (weapon)
 f - a staff of poison
Jewellery
 b - an amulet of magic regeneration (around neck)
 p - a +6 ring of dexterity (left hand)
Wands
 r - a wand of flame (20)
Scrolls
 e - a scroll of enchant weapon {unknown}
 g - a scroll of fog {unknown}
 j - a scroll of torment {unknown}
 l - a scroll of teleportation {unknown}
 m - 2 scrolls of identify {unknown}
 n - a scroll of magic mapping {unknown}
 q - a scroll of enchant armour {unknown}
 s - a scroll of blinking {unknown}
Potions
 c - a potion of flight {unknown}
 h - 3 potions of curing {unknown}
 o - a potion of haste {unknown}


   Skills:
 + Level 1.7 Fighting
 + Level 3.1 Dodging
 + Level 4.1 Stealth
 + Level 8.6 Spellcasting
 + Level 8.9 Conjurations
 - Level 2.4 Hexes


You had 20 spell levels left.
You knew the following spells:

 Your Spells              Type           Power      Damage    Failure   Level
a - Magic Dart            Conj           100%       1d8       1%          1
b - Fulminant Prism       Conj/Hex       24%        3d13      7%          4

Your spell library contained the following spells:

 Spells                   Type           Power      Damage    Failure   Level
 Searing Ray              Conj           100%       3d7       1%          2
 Dazzling Flash           Conj/Hex       98%        N/A       2%          3
 Blink                    Tloc           N/A        N/A       12%         2
 Iskenderun's Mystic Bla  Conj/Tloc      41%        2d9       12%         4
 Manifold Assault         Tloc           9%         N/A       91%         5
 Storm Form               Tmut/Air       4%         N/A       100%        7


Dungeon Overview and Level Annotations

Branches:
Dungeon (6/15)             Temple (1/1) D:4         Ossuary (visited)

Altars:
Sif Muna

Shops:
D:3 *   D:5 *

Annotations:
D:3 exclusions: 2 downstairs and upstairs
D:4 exclusion: 2 downstairs
D:6 Edmund


Innate Abilities, Weirdness & Mutations

You have razor-sharp teeth.
Your natural rate of healing is unusually fast.
When hurt, damage is shared between your health and your magic reserves.
Your bite disrupts and absorbs the magic of your enemies.
Potions cannot restore your health.


Message History

Confirm with . or Enter, or press ? or * to list all spells.
Aiming: Magic Dart (safe; 1% risk of failure)
Press: ? - help, Shift-Dir - straight line, f/p - Edmund
Aim: Edmund, wielding a +4 flail of draining and wearing a +2 ring mail of fire resistance (severely wounded, 100% to hit)
You feel a surge of power!
The magic dart hits Edmund.
Edmund is severely wounded.
Edmund hits you with a +4 flail of draining!
You feel drained.
Casting: Magic Dart (safe; 1% risk of failure)
Confirm with . or Enter, or press ? or * to list all spells.
Aiming: Magic Dart (safe; 1% risk of failure)
Press: ? - help, Shift-Dir - straight line, f/p - Edmund
Aim: Edmund, wielding a +4 flail of draining and wearing a +2 ring mail of fire resistance (severely wounded, 100% to hit)
You feel a surge of power!
The magic dart hits Edmund but does no damage.
Edmund is severely wounded.
Edmund hits you with a +4 flail of draining.
You feel drained.
Casting: Magic Dart (safe; 1% risk of failure)
Confirm with . or Enter, or press ? or * to list all spells.
Aiming: Magic Dart (safe; 1% risk of failure)
Press: ? - help, Shift-Dir - straight line, f/p - Edmund
Aim: Edmund, wielding a +4 flail of draining and wearing a +2 ring mail of fire resistance (severely wounded, 100% to hit)
You feel a surge of power!
The magic dart hits Edmund but does no damage.
Edmund is severely wounded.
Edmund hits you with a +4 flail of draining.
You feel drained.
Casting: Magic Dart (safe; 1% risk of failure)
Confirm with . or Enter, or press ? or * to list all spells.
Aiming: Magic Dart (safe; 1% risk of failure)
Press: ? - help, Shift-Dir - straight line, f/p - Edmund
Aim: Edmund, wielding a +4 flail of draining and wearing a +2 ring mail of fire resistance (severely wounded, 100% to hit)
You feel a surge of power!
The magic dart hits Edmund but does no damage.
Edmund is severely wounded.
Edmund hits you with a +4 flail of draining!
* * * LOW HITPOINT WARNING * * *
You feel drained.
You die...

#.# #.##.# #.# ###
#.##.# #.# ..#
#.##.# #.# #.#
#.##.# #.# #.#
#.##.### #.# #.#
###.##.... #?# #.#
#.........
#.#####.###.#.######
#.@@..........#
#######.###.### #.#
#.# #.# #.# #.# #.#
#.# #.# #.# #.# #.#
#.# #.# #..


You could see Edmund.

Vanquished Creatures
  5 yaks (D:5)
  Menkaure (D:5)
  A water moccasin (D:6)
  An orc warrior (D:6)
  A sky beast (D:4)
  An ice beast (D:6)
  A black bear (D:5)
  An ogre (D:5)
  2 phantoms
  An elf zombie (Ossuary)
  4 killer bees (D:4)
  A human zombie (Ossuary)
  2 orc priests
  2 centaur zombies
  A bullfrog skeleton (D:5)
  4 hounds
  2 iguanas
  A jelly (D:4)
  3 mummies
  14 gnolls (D:4)
  6 adders
  14 dart slugs
  9 orcs
  8 endoplasms
  A giant cockroach (D:2)
  30 goblins
  25 hobgoblins
  3 jackals (D:3)
  5 quokkas
  2 ball pythons
  4 bats
  3 frilled lizards
  2 gnoll zombies (Ossuary)
  4 goblin zombies (Ossuary)
  3 hobgoblin zombies (Ossuary)
  12 kobolds
  2 orc zombies (Ossuary)
  10 rats
192 creatures vanquished.

Vanquished Creatures (others)
  A gnoll (D:4)
  26 fulminant prisms
  2 plants (D:4)
29 creatures vanquished.

Grand Total: 221 creatures vanquished

Notes
Turn   | Place    | Note
-------+----------+-------------------------------------------
     0 | D:1      | H0rd4k the Vine Stalker Conjurer began the quest for the
                  | Orb.
     0 | D:1      | Reached XP level 1. HP: 9/9 MP: 4/4
   282 | D:1      | Reached XP level 2. HP: 6/13 MP: 0/6
  1064 | D:1      | Reached XP level 3. HP: 16/16 MP: 2/7
  1434 | D:2      | Reached skill level 5 in Conjurations
  1683 | D:3      | Gained mutation: Your natural rate of healing is unusually
                  | fast. [Vine Stalker growth]
  1683 | D:3      | Reached XP level 4. HP: 19/21 MP: 4/8
  1688 | D:3      | Learned a level 4 spell: Fulminant Prism
  2003 | D:3      | Reached XP level 5. HP: 24/24 MP: 7/10
  2020 | D:3      | You fall into a shaft and drop 2 floors!
  2020 | D:5      | Entered Level 5 of the Dungeon
  2021 | D:5      | Noticed an ogre
  2022 | D:5      | Noticed a yak
  2057 | D:5      | Killed an ogre
  2058 | D:5      | Reached skill level 1 in Hexes
  2064 | D:5      | Reached XP level 6. HP: 28/28 MP: 5/12
  2088 | D:5      | Noticed a black bear
  2094 | D:5      | Killed a black bear
  2103 | D:5      | Noticed Menkaure
  2110 | D:5      | Noticed a yak
  2110 | D:5      | Noticed a yak
  2112 | D:5      | Noticed a yak
  2207 | D:4      | Found a staircase to the Ecumenical Temple.
  2216 | Temple   | Entered the Ecumenical Temple
  2245 | D:4      | Found a sand-covered staircase.
  2258 | D:4      | Noticed a sky beast
  2291 | Ossuary  | Entered an ossuary
  2359 | Ossuary  | Reached XP level 7. HP: 23/32 MP: 1/15
  2573 | Ossuary  | Reached skill level 5 in Spellcasting
  2996 | D:3      | Found Vuvoulaa's General Store.
  3004 | D:3      | Bought a +2 helmet of see invisible for 215 gold pieces
  3908 | D:4      | Found a shimmering blue altar of Sif Muna.
  3942 | D:4      | Gained mutation: You have razor-sharp teeth. [Vine Stalker
                  | growth]
  3942 | D:4      | Reached XP level 8. HP: 33/37 MP: 4/17
  4681 | D:4      | Reached skill level 1 in Fighting
  5124 | D:5      | Killed a yak
  5132 | D:5      | Noticed a yak
  5132 | D:5      | Killed a yak
  5151 | D:5      | Killed a yak
  5210 | D:5      | Reached XP level 9. HP: 32/41 MP: 3/21
  5626 | D:5      | Killed Menkaure
  5754 | D:5      | Found Oghir's Lightly-Used Armoury.
  6118 | D:6      | Noticed Edmund
  6136 | D:6      | Slain by Edmund

Illustrated notes

Levels and vault maps discovered:
D:1:      dpeg_arrival_rhombi, layout_loops_cross
D:2:      layout_basic, kennysheep_generic_room_16
D:3:      kennysheep_slugbush, layout_basic, serial_shops, shop_fountains,
          corexii_leaking_fountain
D:4:      minmay_goblin_kobold_castle, layout_basic, kennysheep_little_box,
          minmay_temple_entry_gardened_gates, gup_ossuary_entry_pyramid
D:5:      layout_loops_ring, minmay_stone_trees_large,
          hangedman_abyss_or_decor_stagger, minmay_shop_damaged, uniq_menkaure
D:6:      layout_loops_ring, uniq_edmund
Temple:   dpeg_five_rooms_temple

Skill      XL: |  1  2  3  4  5  6  7  8  9 |
---------------+----------------------------+-----
Conjurations   | 5 6 8 |  8.9
Spellcasting   | 3 4 5 7 8 |  8.6
Hexes          | 1 2 |  2.4
Stealth        | 3 4 |  4.1
Dodging        | 2 3 |  3.1
Fighting       | 1 |  1.7

Action                   |  1- 3 |  4- 6 |  7- 9 || total
-------------------------+-------+-------+-------++-------
Melee: Unarmed           |     5 |       |       ||     5
       Bite              |     2 |       |     1 ||     3
       Staff             |       |       |     2 ||     2
 Cast: Magic Dart        |    64 |    87 |   332 ||   483
       Fulminant Prism   |       |     1 |    25 ||    26
Armor: Robe              |       |     1 |    37 ||    38
Dodge: Dodged            |     3 |    11 |    92 ||   106
